 Dungeon Crawl Stone Soup version 0.28-a0-1518-gbe868bca14 (webtiles) character file.

Game seed: 4373731139170802258

47 Bapho the Chopper (level 3, -2/29 HPs)
             Began as a Demonspawn Monk on Jan 17, 2022.
             Splashed by a jelly's acid (9 damage)
             ... on level 2 of the Dungeon.
             The game lasted 00:04:09 (2277 turns).

Bapho the Chopper (Demonspawn Monk)                 Turns: 2277, Time: 00:04:10

Health: -2/29      AC:  6    Str: 13    XL:     3   Next: 48%
Magic:  3/3        EV:  6    Int: 11    God:
Gold:   33         SH:  0    Dex: 17    Spells: 2/2 levels left

rFire   . . .      SeeInvis .   a - +0 hand axe
rCold   . . .      Faith    .   (no shield)
rNeg    . . .      Spirit   .   c - +0 chain mail
rPois   .          Reflect  .   (no helmet)
rElec   .          Harm     .   (no cloak)
rCorr   .          Rampage  .   f - +0 pair of gloves
Will    .....                   d - +0 pair of boots
Stlth   ..........              (no amulet)
HPRegen 0.09/turn               (no ring)
MPRegen 0.08/turn               (no ring)

@: corroded
A: thin skeletal structure 1, demonic magic 1
a: no special abilities


You were on level 2 of the Dungeon.
You visited 1 branch of the dungeon, and saw 2 of its levels.

You collected 33 gold pieces.

Inventory:

Hand Weapons
 a - a +0 hand axe (weapon)
Missiles
 e - 45 stones (quivered)
Armour
 b - a +0 robe
 c - a +0 chain mail (worn)
 d - a +0 pair of boots (worn)
 f - a +0 pair of gloves (worn)


   Skills:
 - Level 3.0 Fighting
 + Level 4.0 Axes
 + Level 0.2 Throwing
 + Level 0.3 Armour
 - Level 2.6 Dodging
 - Level 1.7 Stealth


You had 2 spell levels left.
You didn't know any spells.
Your spell library was empty.

Dungeon Overview and Level Annotations

Branches:
Dungeon (2/15)

Altars:


Innate Abilities, Weirdness & Mutations

You have a somewhat thin skeletal structure. (Dex +2, Stealth+)
Spells you cast may paralyse adjacent enemies.


Message History

You hit the kobold.
The kobold is severely wounded.
The kobold hits you but does no damage.
You hit the kobold.
You kill the kobold!
No target in view!
No target in view!
Things that are here:
a +0 short sword; a kobold corpse
e - 44 stones (gained 1)
e - 45 stones (gained 1)
e - 46 stones (gained 1)
You open the door.
A jelly and an endoplasm come into view.
The jelly quivers.
The endoplasm quivers.
Found a hobgoblin skeleton and a rat skeleton.
You throw a stone. The stone hits the jelly.
The jelly is lightly wounded.
The jelly barely misses you.
You hit the jelly.
Your hands burn!
The jelly is heavily wounded.
Something hits the fungus.
The fungus begins to die.
The endoplasm hits the fungus.
The jelly hits you but does no damage.
You hit the jelly.
Your hands burn!
The jelly is heavily wounded.
The endoplasm hits the fungus.
The jelly hits you but does no damage.
An endoplasm comes into view.
The endoplasm quivers.
You are too injured to fight recklessly!
You are too injured to fight recklessly!
The endoplasm hits something.
You barely miss the jelly.
The jelly is heavily wounded.
The jelly hits you. The acid corrodes you!
You are splashed with acid.
You hit the jelly.
Your hands burn!
The jelly is severely wounded.
The jelly hits you.
* * * LOW HITPOINT WARNING * * *
You are splashed with acid!
You die...

###### ########
#(.÷.÷.
#####......##'PJPP..
#.##.......#J#
##.'........#@#
#..'........#.#
####..'......#'#.#
#.....##.....#.#.#
).....###....#.#)#
#.....#########.##
##)....### ###
#..#....######
##..#.#........


You could see a jelly.

Vanquished Creatures
  2 dart slugs
  3 ball pythons (D:1)
  6 endoplasms
  3 goblins
  6 hobgoblins
  A quokka (D:1)
  3 bats
  2 frilled lizards (D:1)
  10 kobolds
  3 rats (D:1)
39 creatures vanquished.

Vanquished Creatures (others)
  A fungus (D:2)
  9 toadstools (D:2)
10 creatures vanquished.

Grand Total: 49 creatures vanquished

Notes
Turn   | Place    | Note
-------+----------+-------------------------------------------
     0 | D:1      | Bapho the Demonspawn Monk began the quest for the Orb.
     0 | D:1      | Reached XP level 1. HP: 18/18 MP: 1/1
   236 | D:1      | Reached skill level 3 in Axes
   403 | D:1      | Gained mutation: You have a somewhat thin skeletal
                  | structure. (Dex +2, Stealth+) [demonic ancestry]
   403 | D:1      | Reached XP level 2. HP: 24/24 MP: 2/2
  1399 | D:1      | Gained mutation: Spells you cast may paralyse adjacent
                  | enemies. [demonic ancestry]
  1399 | D:1      | Reached XP level 3. HP: 11/29 MP: 3/3
  1958 | D:2      | Reached skill level 4 in Axes
  2277 | D:2      | Splashed by a jelly's acid

Illustrated notes

Levels and vault maps discovered:
D:1:      minmay_arrival_split_and_join, layout_basic
D:2:      cheibrodos_fertilizer, layout_basic, corexii_hall_statues_l,
          uniq_natasha

Skill      XL: |  1  2  3 |
---------------+----------+-----
Axes           | 3 4 |  4.0
Fighting       | |  3.0
Throwing       | |  0.2
Armour         | |  0.3
Dodging        | |  2.6
Stealth        | |  1.7

Action                   || total
-------------------------++-------
Melee: Hand axe          ||   110
       Punch             ||     1
Throw: Stone             ||    33
  Use: Scroll            ||     2
Armor: Robe              ||     3
       Chain mail        ||    69
Dodge: Dodged            ||    26

Table legend: (Time is in decaauts)
 A = Elapsed time spent in this place.
 B = Non-inter-level travel time spent in this place.
 C = Inter-level travel time spent in this place.
 D = Time resting spent in this place.
 E = Time spent auto-exploring this place.
 F = Levels seen in this place.
 G = Mean time per level.
                   A        B        C        D        E       F      G
               +--------+--------+--------+--------+--------+-----+--------+
         Total |   2296 |   2241 |     55 |   1113 |    786 |   2 | 1148.0 |
       Dungeon |   2296 |   2241 |     55 |   1113 |    786 |   2 | 1148.0 |
               +--------+--------+--------+--------+--------+-----+--------+

Top non-repeatable levels by time:
     D:1: 1828 daAuts
     D:2: 467 daAuts
